 Dungeon Crawl Stone Soup version 0.28.0 (webtiles) character file.

Game seed: 13656694306464749074

2368 SnakkuSnakku7 the Jinx (level 9, -8/54 (57) HPs)
             Began as a Human Enchanter on Feb 10, 2022.
             Mangled by an orc warrior (23 damage)
             ... on level 6 of the Dungeon.
             The game lasted 00:11:33 (7436 turns).

SnakkuSnakku7 the Jinx (Human Enchanter)            Turns: 7436, Time: 00:11:34

HP:   -8/54 (57)    AC:  3    Str:  9    XL:     9   Next: 72%
MP:   21/21         EV: 12    Int: 19    God:
Gold: 202           SH:  0    Dex: 14    Spells: 4/12 levels left

rFire   . . .      SeeInvis .   a - +2 dagger (venom)
rCold   . . .      Faith    .   (no shield)
rNeg    + . .      Spirit   .   b - +0 robe
rPois   .          Reflect  .   t - +1 hat
rElec   .          Harm     .   (no cloak)
rCorr   .          Rampage  .   (no gloves)
Will    .....                   (no boots)
Stlth   ++++......              (no amulet)
HPRegen 0.18/turn               g - ring of positive energy
MPRegen 0.17/turn               q - ring of magical power

@: drained
A: no striking features
a: no special abilities


You were on level 6 of the Dungeon.
You visited 1 branch of the dungeon, and saw 6 of its levels.

You collected 244 gold pieces.
You spent 42 gold pieces at shops.

Inventory:

Hand Weapons
 a - a +2 dagger of venom (weapon)
 o - a +1 dagger
Missiles
 r - 3 throwing nets
Armour
 b - a +0 robe (worn)
 n - a +4 scale mail
 t - a +1 hat (worn)
Jewellery
 g - a ring of positive energy (left hand)
 q - a ring of magical power (right hand)
 s - a ring of wizardry
 x - a +4 ring of slaying
Wands
 l - a wand of acid (12)
Scrolls
 d - 5 scrolls of teleportation
 j - a scroll of noise {unknown}
 k - a scroll of acquirement {unknown}
 p - a scroll of enchant armour {unknown}
 u - a scroll of blinking {unknown}
 w - a scroll of enchant weapon {unknown}
Potions
 c - a potion of ambrosia
 e - 2 potions of brilliance
 f - a potion of lignification {unknown}
 h - 4 potions of attraction {unknown}
 i - 3 potions of might
 m - a potion of curing
 v - a potion of haste {unknown}


   Skills:
 + Level 7.0 Short Blades
 - Level 2.0 Dodging
 - Level 8.0 Stealth
 - Level 2.0 Spellcasting
 - Level 8.0 Hexes
 - Level 2.0 Ice Magic


You had 4 spell levels left.
You knew the following spells:

 Your Spells              Type           Power      Damage    Failure   Level
a - Ensorcelled Hibernat  Hex/Ice        40%        N/A       3%          2
b - Confusing Touch       Hex            32%        N/A       1%          3
c - Tukima's Dance        Hex            32%        N/A       1%          3

Your spell library contained the following spells:

 Spells                   Type           Power      Damage    Failure   Level
 Dazzling Flash           Conj/Hex       34%        N/A       10%         3
 Summon Small Mammal      Summ           4%         N/A       17%         1
 Ozocubu's Armour         Ice            9%         N/A       22%         3
 Summon Mana Viper        Hex/Summ       17%        N/A       65%         5
 Summon Forest            Summ/Tloc      0%         N/A       99%         5
 Summon Cactus Giant      Summ           0%         N/A       100%        6
 Ozocubu's Refrigeration  Ice            4%         4d5       100%        7
 Borgnjor's Revivificati  Necr           0%         N/A       100%        8
 Necromutation            Tmut/Necr      0%         N/A       100%        8
 Death's Door             Necr           0%         N/A       100%        9


Dungeon Overview and Level Annotations

Branches:
Dungeon (6/15)             Temple (0/1) D:6

Altars:
Fedhas
Hepliaklqana
Sif Muna
Xom

Shops:
D:4 (

Annotations:
D:5 3 runed translucent doors, coolio's ghost, novice DsFi
D:6 3 runed translucent doors, zeram's ghost, weakling GrDe


Message History

The howler monkey skeleton closely misses you.
The orc priest begins to cast a cantrip, but forgets the words!
Unknown command.
The centaur zombie misses you. The centaur zombie kicks you.
The orc hits you from afar with a +0 trident.
The orc hits you with a +0 dagger.
The howler monkey skeleton barely misses you.
The centaur zombie hits you but does no damage.
The centaur zombie kicks you.
You climb upwards.
Level annotation: 3 runed translucent doors, coolio's ghost, novice DsFi
There is a stone staircase leading down, spattered with blood here.
Aiming: Ensorcelled Hibernation (safe; 3% risk of failure)
Press: ? - help, Q - select action, (/) - cycle Shift-Dir - straight line, f - orc
Aim: an orc, wielding a +0 dagger (chance to affect: 70%)
The orc looks drowsy...
Unknown command.
The helpless orc fails to defend itself.
You perforate the orc like a sieve!!!
You kill the orc!
There is a stone staircase leading down, spattered with blood here.
You start resting.
Magic restored.
You start resting.
HP restored.
You climb downwards.
Level annotation: 3 runed translucent doors, zeram's ghost, weakling GrDe The orc warrior barely misses you.
The howler monkey skeleton completely misses you.
The centaur zombie closely misses you. The centaur zombie kicks you.
The orc warrior hits you with a +0 dire flail!!
The howler monkey skeleton barely misses you.
The centaur zombie hits you. The centaur zombie kicks you.
The orc priest mumbles some strange prayers to Beogh against you.
Beogh smites you!
* * * LOW HITPOINT WARNING * * *
The iguana hisses angrily.
There is a stone staircase leading up, spattered with blood here.
The orc warrior hits you with a +0 dire flail!!
You die...

###≈♣.♣.♣≈#......>##...##....
#≈♣♣.♣♣≈#.(.....#.....#....
#≈≈≈≈≈≈≈##......#.....#....
##########......#.....#....
#...........†.....
#................#
####................#
#..........##+++##..#
#..Z@o....##KWKKK##..
#....Z....#KK#K#K.#..
#.....l...#8K#.#.8# .
##.........#.K#.#.P#
#.......oo.##.....##
#...........##...
.......####...### ........#
#..... ......... ......


You could see an orc warrior, an iguana, an orc priest, an orc, a centaur zombie
and a howler monkey skeleton.

Vanquished Creatures
  Pikel (D:5)
  Grinder (D:5)
  A black bear (D:5)
  A sky beast (D:5)
  7 ogres
  2 kobold brigands
  A lemure (D:6)
  2 bullfrogs (D:6)
  A scorpion (D:4)
  A water moccasin skeleton (D:5)
  2 bullfrog zombies
  3 orc priests
  3 hounds
  2 iguanas
  2 orc wizards
  A scorpion zombie (D:5)
  A hound skeleton (D:4)
  4 gnolls (D:5)
  2 adders (D:4)
  A shadow imp (D:6)
  2 ufetubi
  A worm (D:2)
  4 dart slugs
  14 orcs
  8 bats
  7 endoplasms
  6 giant cockroaches
  3 goblins
  4 hobgoblins
  16 kobolds
  3 quokkas
  3 training dummies (D:4)
  7 ball pythons
  4 frilled lizards
  7 rats
128 creatures vanquished.

Vanquished Creatures (others)
  A fungus (D:6)
  18 plants
19 creatures vanquished.

Grand Total: 147 creatures vanquished

Notes
Turn   | Place    | Note
-------+----------+-------------------------------------------
     0 | D:1      | SnakkuSnakku7 the Human Enchanter began the quest for the
                  | Orb.
     0 | D:1      | Reached XP level 1. HP: 13/13 MP: 3/3
   208 | D:1      | Reached XP level 2. HP: 14/19 MP: 5/5
   227 | D:1      | Learned a level 2 spell: Ensorcelled Hibernation
   587 | D:1      | Reached XP level 3. HP: 15/24 MP: 6/6
  1144 | D:2      | Found a hazy altar of Hepliaklqana.
  1509 | D:2      | Reached XP level 4. HP: 20/30 MP: 1/7
  2194 | D:3      | Noticed an ogre
  2222 | D:3      | Found a blossoming altar of Fedhas.
  2250 | D:2      | Learned a level 3 spell: Confusing Touch
  2421 | D:3      | Reached XP level 5. HP: 35/35 MP: 4/8
  3156 | D:4      | Reached XP level 6. HP: 28/41 MP: 2/9
  3320 | D:4      | Reached skill level 5 in Hexes
  3598 | D:4      | Identified the +4 quarterstaff of the Tired Seers {vorpal,
                  | rF- Dex+7}
  3644 | D:4      | Found Zitroof's Firing Range.
  3648 | D:4      | Bought a throwing net for 42 gold pieces
  4277 | D:4      | Reached XP level 7. HP: 46/46 MP: 10/10
  4441 | D:3      | Found a shimmering blue altar of Sif Muna.
  4444 | D:3      | Found a faded altar of an unknown god.
  4457 | D:3      | Got Plato's Disquisition on Illusion
  4783 | D:5      | Entered Level 5 of the Dungeon
  5281 | D:5      | Reached XP level 8. HP: 34/52 MP: 11/11
  5533 | D:5      | Reached skill level 5 in Stealth
  5698 | D:5      | Found a runed translucent gate.
  5698 | D:5      | Found a runed translucent gate.
  5700 | D:5      | Found a runed translucent gate.
  5749 | D:5      | Noticed coolio's ghost (novice DsFi)
  5757 | D:5      | Noticed Grinder
  5801 | D:5      | Paralysed by Grinder for 3 turns
  5812 | D:5      | Killed Grinder
  5847 | D:5      | Found a shimmering altar of Xom.
  5873 | D:5      | Reached skill level 1 in Ice Magic
  6056 | D:5      | Reached XP level 9. HP: 13/57 MP: 12/12
  6873 | D:6      | Found a staircase to the Ecumenical Temple.
  6995 | D:6      | Noticed Pikel
  7059 | D:5      | Learned a level 3 spell: Tukima's Dance
  7192 | D:5      | Killed Pikel
  7254 | D:6      | Found a runed translucent gate.
  7255 | D:6      | Found a runed translucent gate.
  7255 | D:6      | Noticed zeram's ghost (weakling GrDe)
  7256 | D:6      | Found a runed translucent gate.
  7436 | D:6      | Mangled by an orc warrior

Illustrated notes

Levels and vault maps discovered:
D:1:      dpeg_arrival_rhombus, layout_loops_ring
D:2:      layout_basic, basic_altar
D:3:      layout_rooms, fedhas_altar_1, general_overflow_altar, serial_aquarium,
          aquarium_bridge_long_joined [aquarium_subvault_balcony,
          aquarium_subvault_bridge, aquarium_subvault_wall,
          aquarium_subvault_window, aquarium_subvault_wall,
          aquarium_subvault_balcony], aquarium_window_fake,
          aquarium_window_fake, aquarium_view_2f, aquarium_view_2d,
          aquarium_pool_split, shapermc_ecumenical_altar_rom_forum
D:4:      layout_basic, grunt_decor_junction, nicolae_shop_firing_range
D:5:      layout_loops_ring, mainiacjoe_overflow_alcove_2, gammafunk_ghost_icy,
          lexackson_kobold_supper, uniq_grinder
D:6:      layout_basic, temple_pool_b, serial_shops, shop,
          gammafunk_ghost_nasty_kobolds, kennysheep_nondescript,
          kennysheep_generic_room_9, uniq_pikel

Skill      XL: |  1  2  3  4  5  6  7  8  9 |
---------------+----------------------------+-----
Short Blades   | 2 3 4 7 |  7.0
Hexes          | 4 6 7 8 |  8.0
Stealth        | 4 6 8 |  8.0
Ice Magic      | 1 2 |  2.0
Dodging        | |  2.0
Spellcasting   | |  2.0

Action                   |  1- 3 |  4- 6 |  7- 9 || total
-------------------------+-------+-------+-------++-------
Melee: Dagger            |   129 |   149 |   159 ||   437
       Punch             |     1 |     1 |     2 ||     4
 Cast: Ensorcelled Hiber |    13 |    27 |    46 ||    86
       Confusing Touch   |       |     1 |     2 ||     3
  Use: Scroll            |       |     3 |     1 ||     4
       Potion            |       |     1 |     2 ||     3
 Stab: Sleeping          |    16 |    14 |    24 ||    54
       Confused          |       |     2 |     3 ||     5
       Invisible         |       |     2 |       ||     2
Armor: Robe              |    23 |    51 |    26 ||   100
Dodge: Dodged            |    78 |   138 |   102 ||   318
